[Event "Early-Titled-Tuesday-Blitz-April-23-2024"]
[Site "Chess.com"]
[Date "2024.04.23"]
[Round "7"]
[White "Artemiki"]
[Black "chess123456s"]
[Result "1-0"]
[WhiteElo "2472"]
[BlackElo "2595"]
[TimeControl "180+1"]
[EndTime "9:21:06 PDT"]
[Termination "Artemiki won by resignation"]

1. e4 e5 2. Nf3 Nc6 3. Bb5 a6 4. Bxc6 dxc6 5. O-O f6 6. d4 exd4 7. Nxd4 Bd6 8. Be3 Ne7 9. Nd2 O-O 10. Nc4 f5 11. e5 Bc5 12. Nxf5 Bxf5 13. Bxc5 Qe8 14. Ne3 Rd8 15. Qe2 Be6 16. f4 b6 17. Bxe7 Qxe7 18. f5 Bd5 19. Nxd5 Rxd5 20. Rae1 Qc5+ 21. Kh1 Re8 22. f6 gxf6 23. Qg4+ Kh8 24. exf6 Rg8 25.
Qf3 Rf8 26. f7 Qd4 27. Re4 Qg7 28. Rg4 Rg5 29. Rxg5 Qxg5 30. Qc3+ Qg7 31. Qxc6 Qe5 32. Qf3 Qg7 33. c3 a5 34. h3 h6 35. a4 Qe5 36.
Qf2 Kg7 37. Qf3 Qg5 38. Qg4 Qxg4 39. hxg4 Rxf7 40. Rxf7+ Kxf7 41. Kh2 Kf6 42. Kg3 Kg5 43. Kf3 Kg6 44. Kf4 Kf6 45. c4 Kg6 46. b3 Kf6 47. Ke4 Kg5 48. Kf3 Kg6 49. Kg3 Kg5 50. Kh3 Kf6 51.
Kh4 Kg6 52. Kh3 Kg5 53. Kg3 Kg6 54. Kf2 Kg5 55. Kf3 Kg6 56. Ke4 Kf6 57. Kd5 Kg5 58. Kc6 Kxg4 59. Kxc7 Kg3 60. Kxb6 Kxg2 61. c5 h5 62. c6 h4 63. c7 h3 64. c8=Q h2 65.
Qc6+ Kg1 66. Kxa5 Kf2 67. Qh1 Kg3 68. b4 Kh3 69. b5 Kg3 70. b6 1-0

[Event "Early-Titled-Tuesday-Blitz-April-23-2024"]
[Site "Chess.com"]
[Date "2024.04.23"]
[Round "7"]
[White "jumpingknight20"]
[Black "KubaGepard"]
[Result "1/2-1/2"]
[WhiteElo "2743"]
[BlackElo "2612"]
[TimeControl "180+1"]
[EndTime "9:21:07 PDT"]
[Termination "Game drawn - insufficient material"]

1. Nf3 d5 2. g3 Nf6 3. Bg2 g6 4. O-O Bg7 5. d3 O-O 6. Nbd2 b6 7. e4 Bb7 8. e5 Nfd7 9. e6 fxe6 10. Ng5 Rf6 11. d4 h6 12. Ngf3 c5 13. c3 Nc6 14.
Re1 Kh7 15. Nf1 Qg8 16. Ne3 Raf8 17. Ng4 Rf5 18. Nh4 Rh5 19. Qd3 Qf7 20. Be3 e5 21.
Bxd5 Qxd5 22. Qxg6+ Kg8 23. Qxh5 Nxd4 24. f3 Nxf3+ 25.
Nxf3 Qxf3 26. Nxh6+ Bxh6 27. Qxf3 Rxf3 28. Bxh6 e4 29.
Bf4 e5 30. Be3 Ba6 31. Rad1 Bd3 32. Kg2 c4 33. b3 b5 34. Bxa7 cxb3 35. axb3 Kf7 36. c4 bxc4 37. bxc4 Ke6 38. c5 Kd5 39. Rxe4 Kxe4 40. c6 Rf8 41. cxd7 Rd8 42. Re1+ Kd5 43. Be3 Rxd7 44. g4 Ke6 45. Kg3 Rf7 46. Bd4 e4 47. Re3 Kd5 48. Bc3 Kc4 49. Be1 Kd4 50. Bf2 Kd5 51. h4 Bc2 52. Rc3 Bd1 53. Rc5+ Kd6 54. Rf5 Rxf5 55. gxf5 Ke5 56. Be3 Kxf5 57. Bf4 Bh5 58.
Be3 Bf7 59. Bf4 Ke6 60. Be3 Ke5 61. Kg4 Kd5 62. Kf5 Bh5 63. Kg5 Bf3 64. h5 Bxh5 65.
Kxh5 Kc4 66. Kg4 Kd3 67. Kf4 Ke2 68. Kxe4 1/2-1/2

[Event "Early-Titled-Tuesday-Blitz-April-23-2024"]
[Site "Chess.com"]
[Date "2024.04.23"]
[Round "7"]
[White "LawrenceTrent"]
[Black "Antosha_Chekhonte"]
[Result "1-0"]
[WhiteElo "2716"]
[BlackElo "2550"]
[TimeControl "180+1"]
[EndTime "9:21:10 PDT"]
[Termination "LawrenceTrent won on time"]

1. c3 e5 2. d4 exd4 3. cxd4 d5 4. Bf4 Bd6 5. Bg3 Nf6 6. Nc3 O-O 7. e3 c6 8. Bd3 Re8 9. Nf3 Ne4 10. O-O Nxg3 11.
hxg3 Bg4 12. Be2 Nd7 13. Nd2 Bxe2 14. Qxe2 Nf6 15. Rab1 a5 16. a3 g6 17. b4 axb4 18. axb4 Ra3 19. Rfc1 Qe7 20. b5 c5 21. dxc5 Bxc5 22. Qf3 d4 23. exd4 Bxd4 24. Nd5 Nxd5 25. Qxd5 Bxf2+ 26. Kxf2 Qe3+ 27. Kf1 Rd3 28. Qf3 Qxd2 29.
Qf2 Qg5 30. Re1 Rde3 31. Rxe3 Rxe3 32. Rc1 Qxb5+ 33. Kg1 Qg5 34. Rc8+ Kg7 35. Rc7 Re7 36. Qb2+ Qf6 37. Qxb7 Qd4+ 38. Kh2 Rxc7 39. Qxc7 h5 40. Qb8 Qf6 41. Qc7 Kh7 42. Qb8 Qf5 43. Qc7 Kg7 44. Qc3+ Kh7 45. Qc7 g5 46. Qe7 Kg6 47. Qf8 Qe5 48.
Qg8+ Qg7 49. Qb8 Qf6 50. Qg8+ Kh6 51. Qf8+ Qg7 52. Qd6+ f6 53. Qe6 Qf8 54. Qf5 Qe7 55. Kh1 Qe1+ 56. Kh2 Qe5 57. Qc8 h4 58. Qh8+ Kg6 59.
Qg8+ Kf5 60. Qc8+ Ke4 61. Qc4+ Ke3 62. Qb3+ Kd2 63. Qa2+ Kd3 64. Qb3+ Kd4 65. Qb4+ Kd5 66. Qb5+ Ke6 67. Qc6+ Qd6 68. Qe4+ Kd7 69. Qb7+ Ke6 70.
Qe4+ Qe5 71. Qc6+ Kf5 72. Qc8+ Kg6 73. Qg8+ Kh5 74. Qf7+ Kg4 75. Qd7+ f5 76. Qd1+ 1-0

[Event "Early-Titled-Tuesday-Blitz-April-23-2024"]
[Site "Chess.com"]
[Date "2024.04.23"]
[Round "7"]
[White "NovakRatko"]
[Black "Ural_bogatyr"]
[Result "0-1"]
[WhiteElo "2387"]
[BlackElo "2570"]
[TimeControl "180+1"]
[EndTime "9:21:10 PDT"]
[Termination "Ural_bogatyr won on time"]

1. d4 Nf6 2. c4 e6 3. Bg5 d5 4.
Nc3 Be7 5. Nf3 h6 6. Bxf6 Bxf6 7. e4 c6 8. e5 Be7 9. cxd5 exd5 10. Bd3 O-O 11. h3 f5 12. Qc2 Be6 13. O-O Nd7 14.
Nh2 a5 15. f4 b5 16. g4 g6 17. Qg2 Kh7 18. Kh1 a4 19. a3 Qb6 20. Ne2 Rf7 21.
Rg1 Rg8 22. gxf5 Bxf5 23. Bxf5 Rxf5 24. Qg4 h5 25. Qg2 Nf8 26. Nf3 Ne6 27. Raf1 Qd8 28. Qg3 Qf8 29. h4 Nxf4 30. Nxf4 Rxf4 31. Nh2 Rf5 32.
e6 Qf6 33. Rxf5 Qxf5 34. Qc7 Qxe6 35. Rf1 Qe4+ 36. Kg1 Qe6 37. Kg2 Rg7 38. Qf4 Bd6 39.
Qf3 Re7 40. Rf2 Qe4 41. Qxe4 dxe4 42. Nf3 exf3+ 43. Rxf3 Kg7 44. Rc3 Rc7 45. Kf3 Kf6 46. Ke4 Ke6 47. Rc2 Bf8 48. Rg2 Kf7 49. Rf2+ Kg7 50. Rc2 Bd6 51. Re2 Bg3 52. Rc2 Bxh4 53. d5 Re7+ 54. Kd4 cxd5 55. Kxd5 Bf6 56. Rf2 h4 57. Kc5 Re5+ 58. Kd6 h3 59. Rh2 Rh5 60. Ke6 Be5 61. Rh1 h2 0-1

[Event "Early-Titled-Tuesday-Blitz-April-23-2024"]
[Site "Chess.com"]
[Date "2024.04.23"]
[Round "7"]
[White "SaiAgni_98"]
[Black "TokChess"]
[Result "0-1"]
[WhiteElo "2466"]
[BlackElo "2618"]
[TimeControl "180+1"]
[EndTime "9:21:11 PDT"]
[Termination "TokChess won by resignation"]

1. c4 b6 2. e4 e5 3. Nc3 Nc6 4. g3 Bb7 5. Bg2 Bc5 6. Nge2 h5 7. h4 Nf6 8. Na4 Bd6 9. O-O a6 10. d4 b5 11. cxb5 axb5 12. Nc5 Bxc5 13. dxc5 Qe7 14. Qc2 b4 15. Be3 Ng4 16. Bg5 f6 17. Bc1 Ra5 18. f3 Rxc5 19. Qd1 Nh6 20. Be3 Ra5 21. Qb3 Nf7 22. Rfd1 Nd6 23. Rac1 Qf7 24.
Bc5 Qxb3 25. axb3 Ke7 26. Bh3 Rha8 27. Kf2 Rb5 28. Rd2 Raa5 29. Bxd6+ cxd6 30. Rcd1 d5 31. exd5 Nd8 32. d6+ Ke8 33. Rc1 Rd5 34. Rxd5 Rxd5 35. Rc4 Rxd6 36. Rxb4 Rd2 37. Ke3 Rxb2 38. Nc3 Bc6 39.
Bf5 Ke7 40. Rb6 Ne6 41. Bxe6 Kxe6 42. b4 Ke7 43. b5 Ba8 44. Rb8 Rb3 45. Kd2 Bxf3 46. b6 d5 47. Kc2 Rb4 48. Rb7+ Ke6 49. Na2 Rb5 50. Nc3 Rc5 51. Kb3 d4 52. Rxg7 Rxc3+ 53. Kb4 Rc1 54. b7 Rb1+ 55. Kc5 Rxb7 56. Rg8 Rc7+ 0-1

[Event "Early-Titled-Tuesday-Blitz-April-23-2024"]
[Site "Chess.com"]
[Date "2024.04.23"]
[Round "7"]
[White "amylazy"]
[Black "Airquake"]
[Result "1/2-1/2"]
[WhiteElo "2466"]
[BlackElo "2660"]
[TimeControl "180+1"]
[EndTime "9:21:12 PDT"]
[Termination "Game drawn - insufficient material"]

1. d4 Nf6 2. Nf3 e6 3. e3 b6 4.
Bd3 Bb7 5. O-O Be7 6. c4 O-O 7. Nc3 d5 8. b3 c5 9. Bb2 Nbd7 10. cxd5 exd5 11. Rc1 Ne4 12. dxc5 Ndxc5 13. Bxe4 dxe4 14. Nd4 Ba6 15. Ncb5 Bf6 16. a4 Nd3 17. Rc2 Bxb5 18. axb5 Qd5 19. Ba3 Rfe8 20. Rc4 Bxd4 21. Rxd4 Qxb5 22.
Qg4 Qxb3 23. Bd6 Qe6 24. Qg3 a5 25. h4 b5 26. h5 h6 27. Bc7 a4 28. Rd6 Qf5 29.
Rxh6 a3 30. Rb6 Re6 31. h6 Qg6 32. h7+ Kxh7 33. Qh3+ Kg8 34. Rxb5 a2 35. Ra1 Qf6 36. Rxa2 Qa1+ 37. Rxa1 Rxa1+ 38. Kh2 Rh6 39. Qxh6 gxh6 40. Kg3 Kh7 41. Rb7 Ra2 42. Bf4 Kg6 43. Rb6+ f6 44.
f3 Ne1 45. fxe4 Rxg2+ 46. Kh3 Rg1 47. Rb8 Kh7 48. Rb7+ Kg6 49. Rb8 Kf7 50. Rh8 Nf3 51.
Rxh6 Nd2 52. Rh7+ Ke6 53. Rh8 Nxe4 54. Re8+ Kf5 55. Rb8 Rf1 56. Rb5+ Kg6 57. Kg2 Rd1 58. Rb6 Nc3 59. Kf3 Nd5 60. Rd6 Nxe3 61. Kxe3 Rxd6 62. Bxd6 Kg5 63. Kf3 f5 64. Bf4+ Kf6 65. Kg3 Kg6 66.
Kf3 Kf7 67. Ke3 Ke6 68. Kd4 Kf6 69. Kd5 Kg6 70. Ke5 Kh5 71. Kxf5 1/2-1/2

[Event "Early-Titled-Tuesday-Blitz-April-23-2024"]
[Site "Chess.com"]
[Date "2024.04.23"]
[Round "7"]
[White "ReinisUz"]
[Black "karinachess1"]
[Result "1/2-1/2"]
[WhiteElo "2471"]
[BlackElo "2605"]
[TimeControl "180+1"]
[EndTime "9:21:12 PDT"]
[Termination "Game drawn by repetition"]

1. c4 e6 2. Nc3 d5 3. d4 Nf6 4.
cxd5 exd5 5. Bg5 c6 6. e3 Be7 7. Qc2 Nbd7 8. Bd3 h6 9. Bf4 Nh5 10. Bg3 Nxg3 11. hxg3 Nb6 12. Nf3 Be6 13. O-O-O Bd6 14.
Kb1 Qf6 15. e4 dxe4 16. Nxe4 Qe7 17. Nc5 O-O-O 18. Nxe6 fxe6 19. Be4 Kb8 20. Ne5 Bxe5 21. dxe5 Nd5 22. a3 Rhf8 23. f4 g5 24. Bxd5 cxd5 25. Rxh6 gxf4 26. Rh7 Rf7 27. Rxf7 Qxf7 28. Rf1 Rc8 29. Qd3 Qg7 30. gxf4 Qxg2 31. f5 exf5 32.
Qxf5 Qe2 33. e6 d4 34. Rc1 Rxc1+ 35. Kxc1 Qe3+ 36. Kc2 Qe2+ 37. Kb3 d3 38. Qf4+ Kc8 39. Qf8+ Kc7 40. Qe7+ Kc6 41. Qd7+ Kb6 42. Qd6+ Ka5 43. e7 d2 44. Qb4+ Ka6 45. Qa4+ Kb6 46. e8=Q d1=Q+ 47. Ka2 Qxe8 48. Qxe8 Qd5+ 49. Kb1 a6 50.
Qe1 Ka7 51. Qc3 Qd1+ 52. Ka2 Qd5+ 53. Qb3 Qc6 54. Qb4 Qc7 55. Qb3 b6 56. Qe3 a5 57.
Qb3 Ka6 58. Qd3+ Kb7 59. Qe4+ Ka7 60. Qe3 Qd7 61. Qe4 Qf7+ 62. Kb1 Qd7 63. Qc4 Kb7 64.
Ka2 a4 65. Qg8 Ka7 66. Qc4 Kb7 67. Qg8 Ka7 68. Qc4 Kb7 1/2-1/2

[Event "Early-Titled-Tuesday-Blitz-April-23-2024"]
[Site "Chess.com"]
[Date "2024.04.23"]
[Round "7"]
[White "Dr_Pepper18"]
[Black "M1711"]
[Result "1-0"]
[WhiteElo "2483"]
[BlackElo "2658"]
[TimeControl "180+1"]
[EndTime "9:21:13 PDT"]
[Termination "Dr_Pepper18 won on time"]

1. d4 h6 2. c4 a6 3. g3 d6 4. Bg2 Nc6 5. Nc3 Bd7 6. Nf3 e5 7.
O-O Nf6 8. b3 Be7 9. Bb2 O-O 10.
dxe5 dxe5 11. Nd5 Bd6 12. Nxf6+ gxf6 13. Qc1 Kg7 14. Rd1 Qc8 15. Qe3 Ne7 16. c5 Nf5 17. Qd3 e4 18. Qxe4 Bxc5 19. Bxf6+ Kxf6 20. Qe5+ Kg6 21. Qxc5 Be6 22. e4 Nd6 23. e5 Nf5 24. Rac1 Rd8 25.
Nd4 Nxd4 26. Rxd4 Rxd4 27. Qxd4 c6 28. h4 Qd8 29. Qf4 Kg7 30. Bf3 Qe7 31. Rd1 a5 32.
Bg4 a4 33. Bxe6 Qxe6 34. Rd6 Qe7 35. Qxh6+ Kg8 36. Qf4 axb3 37. axb3 Ra1+ 38. Kg2 Ra5 39. e6 fxe6 40. Qg4+ Kf7 41. Rd3 Rf5 42. h5 Qf6 43. Rd7+ Ke8 44. Rd2 Rg5 45. Qa4 Rxh5 46. Qa8+ Kf7 47.
Qxb7+ Kg6 48. Qxc6 Rf5 49. Qe4 Kg7 50. Qg4+ Rg5 51. Qd4 e5 52. Qd7+ Qf7 53. Qxf7+ Kxf7 54. Rd3 Rg4 55. Kf3 Rb4 56. Ke3 Kf6 57. Rc3 Kf5 58.
f3 Rb8 59. g4+ Kg5 60. Kf2 Kf4 61. Rc4+ Kg5 62. b4 Ra8 63. Kg3 1-0

[Event "Early-Titled-Tuesday-Blitz-April-23-2024"]
[Site "Chess.com"]
[Date "2024.04.23"]
[Round "7"]
[White "ATM622"]
[Black "tusplingher"]
[Result "1-0"]
[WhiteElo "2510"]
[BlackElo "2631"]
[TimeControl "180+1"]
[EndTime "9:21:24 PDT"]
[Termination "ATM622 won by resignation"]

1. d4 Nf6 2. c4 c5 3. d5 b5 4. cxb5 a6 5. e3 axb5 6. Bxb5 Qa5+ 7. Nc3 Bb7 8. Nf3 Nxd5 9. Qd3 Nxc3 10. bxc3 Ba6 11.
Rb1 Bxb5 12. Rxb5 Qa7 13. O-O Nc6 14. Bd2 e6 15. Rfb1 Nd8 16. R1b2 Be7 17. e4 O-O 18.
Be3 Nc6 19. Rb7 Qa3 20. h3 Na5 21. R7b5 Qa4 22. Qxd7 Bf6 23. e5 Nc4 24. exf6 Nxb2 25. Bxc5 Rfd8 26. Qb7 Qd1+ 27. Kh2 Nd3 28. Be3 Qa4 29.
Rg5 g6 30. Rg4 Qd7 31. Qe4 Qd6+ 32. Rg3 Nc5 33. Qh4 Nd7 34. Bf4 e5 35. Bg5 e4 36.
Nd4 h5 37. Bf4 Qxf6 38. Bg5 Qb6 39. Bxd8 Rxd8 40. Qxh5 Nf8 41. Qg5 Qd6 42. Nf5 Qd7 43. Qf6 Ne6 44. Ne7+ Kf8 45. Nxg6+ Ke8 46. Ne5 Qc7 47.
Rg8+ Nf8 48. g3 Rd6 49. Qf5 Re6 50. Ng4 Qxc3 51. Qb5+ Qc6 52. Qb8+ Kd7 53. Rxf8 Re7 54. Qd8+ Ke6 55. Qd4 Kf5 56. Ne3+ Ke6 57. Rd8 f6 58. Rd5 Kf7 59. Rc5 Qe6 60. Qd5 Qxd5 61. Rxd5 Ke6 62.
Rd4 Ra7 63. Rxe4+ Kd6 64. a4 Ra5 65. Nc4+ Kd5 66. Nxa5 Kxe4 67. Nb7 Kf5 68. a5 Ke6 69. a6 Kd7 70. a7 Kc7 71. a8=Q 1-0

[Event "Early-Titled-Tuesday-Blitz-April-23-2024"]
[Site "Chess.com"]
[Date "2024.04.23"]
[Round "7"]
[White "GrotBchess"]
[Black "Navyblue1"]
[Result "0-1"]
[WhiteElo "2438"]
[BlackElo "2252"]
[TimeControl "180+1"]
[EndTime "9:21:24 PDT"]
[Termination "Navyblue1 won by resignation"]

1. e4 c5 2. Nf3 d6 3. Bb5+ Nd7 4. c3 Nf6 5. Qe2 e5 6. O-O a6 7. Ba4 b5 8. Bc2 Bb7 9. d4 Be7 10. a4 b4 11. d5 O-O 12. c4 a5 13. b3 Ne8 14. Nbd2 g6 15. Re1 Ng7 16. Nf1 Bc8 17.
Bh6 Nf6 18. h3 Nfe8 19. Ng3 f5 20. exf5 gxf5 21. Nh2 Bg5 22. Bxg5 Qxg5 23. Rad1 Ra7 24. Nf3 Qh6 25. Qd2 f4 26. Ne4 Raf7 27. Kf1 Bf5 28.
Ke2 Bxe4 29. Bxe4 Nf6 30. Qd3 Nxe4 31. Qxe4 Qg6 32. Kd3 Qxe4+ 33. Kxe4 Rf6 34. Nd2 Kh8 35. Kd3 Rg6 36. Rg1 f3 37. Nxf3 Nf5 38. Nd2 Nd4 39.
f3 Rg3 40. Rde1 Rf4 41. Re4 Rxe4 42. Nxe4 Rg6 43. Nd2 h5 44. g4 hxg4 45. Rxg4 Rf6 46. Ke3 Rh6 47. h4 Kh7 48. f4 exf4+ 49. Rxf4 Rg6 50. Rf7+ Kh6 51. Rd7 Rg3+ 52. Kf4 Rd3 53.
Rxd6+ Kg7 54. Ne4 Nxb3 55. Rd7+ Kf8 56. Ke5 Re3 57. Rd8+ Ke7 58. Rg8 Nd2 59. d6+ Kd7 60. Rg7+ Kc6 61. Rg4 Rxe4+ 62. Rxe4 Nxe4 63. Kxe4 Kxd6 64. Kd3 Ke6 65. Ke4 Kf6 66. Kd5 b3 67. Kxc5 b2 68. Kd6 b1=Q 69. c5 Qd1+ 70. Kc7 Qxa4 71. c6 Qc4 72. Kb7 a4 73. c7 a3 74. c8=Q Qxc8+ 75. Kxc8 a2 76. h5 a1=Q 77. h6 Qh1 78. h7 Qxh7 79. Kb8 Qf5 80. Ka8 Qd5+ 81. Kb8 Qf7 82. Ka8 Ke6 83. Kb8 Kd6 84. Ka8 Kc6 0-1

[Event "Early-Titled-Tuesday-Blitz-April-23-2024"]
[Site "Chess.com"]
[Date "2024.04.23"]
[Round "7"]
[White "GambitGiesbergen"]
[Black "Masterbeaterr"]
[Result "1-0"]
[WhiteElo "2338"]
[BlackElo "2456"]
[TimeControl "180+1"]
[EndTime "9:21:32 PDT"]
[Termination "GambitGiesbergen won by resignation"]

1. Nc3 d5 2. d4 Nf6 3. e4 e6 4. Bg5 Bb4 5. e5 h6 6. Bd2 Bxc3 7. bxc3 Ne4 8. Bc1 c5 9. Ne2 Nc6 10. f3 Ng5 11. h4 Nh7 12. Be3 c4 13. a4 f6 14. f4 O-O 15. Ng3 Bd7 16. Be2 Qe7 17. Bg4 b6 18. Kd2 fxe5 19. fxe5 Rf7 20. Qe2 Na5 21. Bh5 Rff8 22. Bf3 Qe8 23. Bh5 Qe7 24. Bf3 Qe8 25. Nh5 Bxa4 26. Rh3 Bd7 27.
Rg3 Rf7 28. Bxh6 Qf8 29. Nxg7 Kh8 30. Nf5 Rxf5 31. Bxf8 Raxf8 32. Rg6 Nc6 33. Rg3 b5 34. Rh3 a5 35. g4 Rf4 36. Rf1 b4 37. Bg2 bxc3+ 38. Kxc3 Nxd4 39. Qd1 Nb5+ 40. Kb2 d4 41. Rxf4 Rxf4 42. Ka2 Rf2 43. Bf1 Nc3+ 44. Rxc3 dxc3 45.
Qxd7 Rxf1 46. Qc8+ Kg7 47. Qxe6 Rf2 48. Qd7+ Kh8 49.
Qc8+ Kg7 50. Qc7+ Kh8 51. Qb8+ Rf8 52. Qc7 Kg8 53. Qxc4+ Kg7 54. Qxc3 Kf7 55. Qc7+ Kg6 56. h5+ Kh6 57. Qd6+ Kg5 58. Qd4 Rf4 59. Qe3 Kxg4 60. e6 Nf6 61. e7 Ra4+ 62. Kb1 Rb4+ 63. Kc1 Rb8 64. Qe6+ Kg5 65. h6 Rh8 66. h7 Rxh7 67.
e8=Q Nxe8 68. Qxe8 Rh1+ 69. Kb2 Rh4 70. Qe7+ Kg4 71.
Kb3 Rh5 72. Ka4 Rf5 73. Qe6 Kf4 74. Qxf5+ Kxf5 75. Kxa5 Ke6 76. Kb6 Kd7 77. c4 Kc8 78. c5 Kb8 79. Kc6 Kc8 80. Kd6 Kd8 81. c6 Kc8 82. c7 Kb7 83. Kd7 Kb6 84. c8=Q 1-0

[Event "Early-Titled-Tuesday-Blitz-April-23-2024"]
[Site "Chess.com"]
[Date "2024.04.23"]
[Round "7"]
[White "IwkooO"]
[Black "FaustinoOro"]
[Result "1-0"]
[WhiteElo "2708"]
[BlackElo "2892"]
[TimeControl "180+1"]
[EndTime "9:21:33 PDT"]
[Termination "IwkooO won by resignation"]

1. e4 e5 2. Nf3 Nc6 3. Bb5 a6 4. Ba4 Nf6 5. O-O b5 6. Bb3 Bc5 7. a4 Rb8 8. c3 d6 9. d4 Bb6 10. a5 Ba7 11. h3 Bb7 12. Re1 O-O 13. Be3 Ra8 14. Nbd2 h6 15. Qc2 Re8 16. dxe5 Nxe5 17. Nxe5 dxe5 18. Bxa7 Rxa7 19. Rad1 Ra8 20. Nf1 Qe7 21. Ng3 g6 22. Qc1 Kg7 23. Qe3 Rad8 24. Qa7 c5 25. Bc2 c4 26. f3 Nh7 27. Nf1 Nf8 28.
Ne3 Ne6 29. b3 cxb3 30. Bxb3 Nf4 31. Kh2 Ra8 32. Qb6 Rab8 33. Qd6 Rbc8 34. Qxe7 Rxe7 35.
c4 b4 36. Rd6 Rc5 37. Ra1 Ne6 38. Rb6 Nd4 39. Rxb4 f5 40. exf5 gxf5 41. Bc2 Bc8 42. Bd3 e4 43. fxe4 fxe4 44. Bf1 Nc6 45. Rb6 Nxa5 46.
Rb8 Be6 47. Ra8 Nb3 48. R1xa6 Nd4 49. Rd6 Nb3 50. Raa6 Bf7 51. Rab6 Nc1 52. Rdc6 Rce5 53. Rb5 Nd3 54. Nf5+ Rxf5 55. Rxf5 Nb2 56. Be2 e3 57. Rb5 Na4 58. Rb3 Bg6 59. Ra6 Nc5 60. Raa3 Nxb3 61.
Rxb3 Kf6 62. Rc3 Kf5 63. c5 Kf4 64. c6 Rc7 65. Bf3 Be4 66. Rc4 Rxc6 67. Rxe4+ Kf5 68. Rxe3 Rc5 69. Bg4+ Kf4 70. Rf3+ Kg5 71. Be6 h5 72. Rg3+ Kh4 73. Re3 Kg5 74. Re4 Rc2 75. Bc4 h4 76. Rg4+ Kh5 77. Bf7+ Kh6 78. Rxh4+ Kg5 79. Rg4+ Kf6 80.
Bd5 Rd2 81. Bf3 1-0

[Event "Early-Titled-Tuesday-Blitz-April-23-2024"]
[Site "Chess.com"]
[Date "2024.04.23"]
[Round "7"]
[White "AlainBruxelles"]
[Black "WilsonPalencia21"]
[Result "1-0"]
[WhiteElo "2367"]
[BlackElo "2539"]
[TimeControl "180+1"]
[EndTime "9:21:34 PDT"]
[Termination "AlainBruxelles won on time"]

1. e4 c5 2. Nf3 d6 3. Nc3 Nf6 4. e5 dxe5 5. Nxe5 a6 6. Bc4 e6 7. a4 Qc7 8. Qe2 Bd6 9. f4 O-O 10. O-O b6 11. d3 Bb7 12. Nxf7 Rxf7 13. Bxe6 Nc6 14. Qf2 Re8 15. Bxf7+ Qxf7 16. Bd2 Nd4 17. Rac1 h5 18. Qh4 Qg6 19. Qg5 Qf7 20. h3 Ne2+ 21. Nxe2 Rxe2 22. Rf2 Rxf2 23. Kxf2 Nh7 24. Qg3 g5 25.
Re1 Bc6 26. b3 Kh8 27. Bc3+ Kg8 28. Bd2 Qf5 29. Kg1 h4 30. Qf2 Nf8 31. fxg5 Qxf2+ 32.
Kxf2 Bg3+ 33. Ke2 Bxe1 34. Bxe1 Bxg2 35. Bxh4 Bxh3 36. Bf2 a5 37. Bg3 Kf7 38. Bc7 Nd7 39.
Ke3 Ke6 40. Kf4 Bf5 41. Ke3 Kd5 42. c4+ Kc6 43. Bd8 Bg6 44. d4 cxd4+ 45. Kxd4 Nc5 46. Kc3 Ne4+ 47. Kd4 Nd6 48. Kc3 Nb7 49. Bf6 Nc5 50. Be7 Ne4+ 51. Kd4 Nc5 52. Kc3 Bh5 53. Bf6 Ne4+ 54.
Kd4 Nd2 55. Kc3 Ne4+ 56. Kd4 Nc5 57. Kc3 Kd6 58. Bg7 Bg6 59. Bf8+ Kc6 60. Bg7 Kd7 61. Bf6 Kd6 62. Bd8 Kc6 63. Bf6 Nb7 64. Bd4 Nd6 65.
Bf6 Bf5 66. Kd4 Bc2 67. Kc3 Bh7 68. Kd4 Ne4 69. Be5 Nxg5 70. Bh2 Ne6+ 71. Kc3 Nc5 72. Bg1 Be4 73. Bd4 Bf3 74. Be3 1-0

[Event "Early-Titled-Tuesday-Blitz-April-23-2024"]
[Site "Chess.com"]
[Date "2024.04.23"]
[Round "7"]
[White "kekic76"]
[Black "WindWhistler11"]
[Result "0-1"]
[WhiteElo "2354"]
[BlackElo "2527"]
[TimeControl "180+1"]
[EndTime "9:21:34 PDT"]
[Termination "WindWhistler11 won by resignation"]

1. c4 d6 2. Nc3 g6 3. Nf3 Bg7 4. g3 c6 5. Bg2 a6 6. O-O Nd7 7. d4 b5 8. cxb5 axb5 9. d5 b4 10. dxc6 bxc3 11. cxd7+ Bxd7 12. bxc3 Bxc3 13. Rb1 Bg7 14.
Bb2 Nf6 15. Qb3 O-O 16. Bxf6 Bxf6 17. Nd2 Be6 18. Bd5 Bxd5 19. Qxd5 Ra5 20. Rb5 Rxb5 21.
Qxb5 Qa8 22. Qb3 Rb8 23. Qc4 d5 24. Qd3 Qxa2 25. Nf3 e6 26. h4 Rb3 27. Qd1 Rb2 28.
e3 e5 29. Qc1 d4 30. exd4 exd4 31. Qf4 Kg7 32. Nxd4 Qd5 33. Rd1 Qe5 34. Qxe5 Bxe5 35. Nf3 Bc7 36. Rd7 Bb6 37. Rd2 Rb1+ 38. Kg2 Rb5 39.
Ng5 h6 40. Ne4 Re5 41. Nd6 Re6 42. Nc4 Bc5 43. Nb2 Rf6 44. Nd3 Bd4 45. Ne1 Bc3 46. Re2 Bd4 47. Nf3 Bb6 48. Rc2 Ba5 49. Rb2 Bc3 50.
Rc2 Ba5 51. Ng1 Bb6 52. Nf3 h5 53. Re2 Rf5 54. Rc2 Bc5 55. Re2 f6 56. Rc2 g5 57.
Re2 g4 58. Ng1 Rd5 59. Rc2 Kg6 60. Ne2 Kf5 61. Nf4 Re5 62. Nxh5 Bd4 63. Nf4 Re1 64.
Rd2 Be5 65. Nd3 Re4 66. Nxe5 fxe5 67. Rc2 Re1 68. h5 Kg5 69. Rc5 Kxh5 70. Rb5 Kg5 71.
Ra5 Kf5 72. Rb5 Re4 73. Ra5 Re2 74. Rb5 Ra2 75. Ra5 Rxa5 0-1

[Event "Early-Titled-Tuesday-Blitz-April-23-2024"]
[Site "Chess.com"]
[Date "2024.04.23"]
[Round "7"]
[White "ChessSG1"]
[Black "maximnovik"]
[Result "1-0"]
[WhiteElo "2440"]
[BlackElo "2562"]
[TimeControl "180+1"]
[EndTime "9:21:35 PDT"]
[Termination "ChessSG1 won on time"]

1. c4 c5 2. g3 Nf6 3. Bg2 d5 4. cxd5 Nxd5 5. Nc3 Nc7 6. Nf3 Nc6 7. O-O e5 8. d3 Be7 9. Be3 O-O 10. Rc1 b6 11. Nd2 Bb7 12. Nc4 f6 13. Qb3 Kh8 14. Ne4 Rb8 15. a4 Ba8 16. Rfd1 Qd7 17. Na3 Ne6 18. Nb5 a6 19. Nbc3 Ncd4 20. Qa2 f5 21.
Nd2 Bxg2 22. Kxg2 Qb7+ 23. Kg1 Bg5 24. Bxd4 Nxd4 25. e3 Nf3+ 26. Nxf3 Qxf3 27. Qd5 e4 28. dxe4 Rbd8 29. Qc4 fxe4 30. Qe2 Qxe2 31. Nxe2 Bf6 32. b3 Be5 33. Kg2 Kg8 34. Rxd8 Rxd8 35. Rc4 Rd2 36. Rxe4 Rxe2 37. Rxe5 Rb2 38. Re8+ Kf7 39. Ra8 a5 40.
Ra7+ Kf6 41. Kf3 Rxb3 42. Rb7 Rb2 43. g4 h6 44. h4 g5 45. h5 Ke5 46. Re7+ Kd5 47.
Rh7 c4 48. Rxh6 c3 49. Rh8 Kc4 50. Rc8+ Kb3 51. h6 Rb1 52. h7 Rh1 53. h8=Q Rxh8 54.
Rxh8 Kxa4 55. Rc8 Kb3 56. e4 a4 57. Ke2 b5 58. e5 a3 59. Kd1 a2 60. Ra8 Kb2 61. Rxa2+ Kxa2 62. Kc2 b4 63. e6 b3+ 64. Kxc3 b2 65. e7 b1=Q 66. e8=Q Qb2+ 67. Kd3 Qb3+ 68.
Ke2 Qc4+ 69. Kf3 Qf4+ 70. Kg2 Qxg4+ 71. Kf1 1-0

[Event "Early-Titled-Tuesday-Blitz-April-23-2024"]
[Site "Chess.com"]
[Date "2024.04.23"]
[Round "7"]
[White "FXDon77"]
[Black "DanyKopy"]
[Result "1-0"]
[WhiteElo "2849"]
[BlackElo "2564"]
[TimeControl "180+1"]
[EndTime "9:21:36 PDT"]
[Termination "FXDon77 won by resignation"]

1. e4 c5 2. Be2 Nc6 3. f4 d5 4.
d3 g6 5. Nf3 Bg7 6. O-O dxe4 7.
dxe4 Qxd1 8. Bxd1 a6 9. c3 e5 10. Nbd2 Nge7 11. Nc4 O-O 12. a4 exf4 13. Nb6 Ra7 14.
Bxf4 Be6 15. Be3 Nc8 16. Bxc5 Nxb6 17. Bxb6 Raa8 18. Bc2 Ne5 19. Nxe5 Bxe5 20. Rad1 Rac8 21. Bd4 Bg7 22. Bxg7 Kxg7 23. Rd6 Rfd8 24. Rfd1 Rxd6 25. Rxd6 b5 26. axb5 axb5 27. Rb6 Rc5 28. Bd3 Bc4 29. Bxc4 bxc4 30. Kf2 h5 31. Ke3 h4 32. g3 h3 33. Kf4 Rc7 34. Rb4 Rd7 35. Kg4 Rd2 36. Kxh3 Re2 37. Rxc4 Rxb2 38. g4 Kf6 39. Rc5 Re2 40.
e5+ Ke6 41. Kg3 g5 42. h4 gxh4+ 43. Kxh4 Re1 44. Kg5 Rc1 45. Kf4 Rf1+ 46. Ke3 Rg1 47. Kf3 Rf1+ 48. Kg2 Rc1 49. c4 Re1 50. Kf3 Rc1 51.
Kf4 Rf1+ 52. Kg5 Re1 53. Rd5 Rc1 54. Rd4 Kxe5 55. Rf4 Ke6 56. Rf6+ Ke7 57. Rc6 Rc2 58. Kf4 Kf8 59. Ke5 Ke7 60. Rc7+ Kd8 61. Rxf7 Rxc4 62. g5 Ke8 63. g6 Rc6 64. Kf5 Rc5+ 65. Kf6 Rc1 66. Kg7 Rg1 67. Rf8+ Ke7 68. Rf7+ Ke8 69. Rf2 Re1 70. Rh2 Ke7 71. Kh7 1-0

[Event "Early-Titled-Tuesday-Blitz-April-23-2024"]
[Site "Chess.com"]
[Date "2024.04.23"]
[Round "7"]
[White "ChadBiryani"]
[Black "hmatyi07"]
[Result "1/2-1/2"]
[WhiteElo "2440"]
[BlackElo "2307"]
[TimeControl "180+1"]
[EndTime "9:21:37 PDT"]
[Termination "Game drawn - insufficient material"]

1. d4 Nf6 2. Bg5 Ne4 3. h4 h6 4. Bf4 c5 5. f3 Nf6 6. e4 d5 7. dxc5 Qa5+ 8. Nc3 dxe4 9. Qd4 Nc6 10. Bb5 Bd7 11. Bxc6 Bxc6 12. b4 Qd8 13. Qc4 exf3 14.
Rd1 f2+ 15. Kxf2 Ne4+ 16. Ke1 Qc8 17. Nf3 Nxc3 18. Qxc3 Qe6+ 19. Kf2 Qf5 20. Be3 e5 21. Qxe5+ Qxe5 22. Nxe5 Be7 23. Nxc6 bxc6 24. Rde1 O-O 25. Bxh6 Bf6 26. Bg5 Bc3 27. Re4 Rab8 28. a3 a5 29. Rc4 axb4 30. axb4 Bxb4 31. Bf4 Rb5 32. Bd6 Re8 33.
Kf3 Bd2 34. Rd1 Bh6 35. g4 f6 36. Rg1 Bd2 37. Rg2 Bb4 38. g5 fxg5 39. Rxg5 Re1 40. Rcg4 Bc3 41. h5 Rf1+ 42. Kg2 Rf7 43. h6 Bf6 44.
Rg6 Kh7 45. hxg7 Rxg7 46. Rxg7+ Bxg7 47. Rc4 Rb2 48. Kf3 Kg6 49. Ke4 Kf7 50. Kd3 Ke6 51.
Rg4 Bf6 52. Rg8 Ra2 53. Re8+ Kd7 54. Rf8 Ke6 55. Re8+ Kd7 56. Rg8 Ke6 57. Rc8 Kd7 58. Rc7+ Ke6 59. Rxc6 Kd5 60. Rc8 Ra3+ 61. Ke2 Ra2 62.
Kd2 Bg5+ 63. Kd3 Ra3+ 64. Ke2 Ra2 65. Kd3 Ra3+ 66. Ke2 Ra2 67. Bf8 Rxc2+ 68. Kf3 Rc3+ 69. Kg4 Be3 70. c6 Bb6 71. Bg7 Rxc6 72. Rg8 Kc5 73. Kf5 Kb5 74. Be5 Rc5 75. Ke6 Rc6+ 76. Kd7 Rc5 77. Bd6 Rd5 78. Rg4 Bc5 79. Rg6 Bxd6 80.
Rxd6 Rxd6+ 81. Kxd6 1/2-1/2